 Dungeon Crawl Stone Soup version 0.30-a0-728-gc68057be0a (webtiles) character file.

Game seed: 11864202092138519554

1052 Lavandula the Carver (level 8, -4/58 HPs)
             Began as a Human Monk on Jan 31, 2023.
             Was a Priest of Elyvilon.
             Slain by a troll (6 damage)
             ... on level 6 of the Dungeon.
             The game lasted 00:10:22 (5234 turns).

Lavandula the Carver (Human Monk)                   Turns: 5234, Time: 00:10:23

Health: -4/58      AC: 12    Str: 13    XL:     8   Next: 51%
Magic:  8/8        EV: 12    Int: 10    God:    Elyvilon [***...]
Gold:   108        SH:  0    Dex: 23    Spells: 7/7 levels left

rFire   . . .      SeeInvis .    a - +0 falchion
rCold   + . .      Faith    .    (no shield)
rNeg    . . .      Spirit   .    s - +2 ring mail {rC+}
rPois   .          Reflect  .    (no helmet)
rElec   .          Harm     .    (no cloak)
rCorr   .          Rampage  .    (no gloves)
Will    .....                    p - +0 pair of boots
Stlth   ++                       (no amulet)
HPRegen 0.29/turn                q - +6 ring of dexterity
MPRegen 0.11/turn                e - +4 ring of protection

@: invisible
A: no striking features
a: Renounce Religion, Purification, Heal Other, Heal Self


You were on level 6 of the Dungeon.
You worshipped Elyvilon.
Elyvilon was most pleased with you.
You visited 2 branches of the dungeon, and saw 7 of its levels.

You collected 234 gold pieces.
You spent 126 gold pieces at shops.

Inventory:

Hand Weapons
 a - a +0 falchion (weapon)
 t - a +1 dagger of speed
Missiles
 d - 3 javelins (quivered)
 f - 4 poisoned darts
 g - a throwing net
Armour
 p - a +0 pair of boots (worn)
 s - a +2 ring mail of cold resistance (worn)
Jewellery
 e - a +4 ring of protection (right hand)
 q - a +6 ring of dexterity (left hand)
 v - a ring of flight
Scrolls
 h - a scroll of vulnerability {unknown}
 l - a scroll of enchant weapon
 m - a scroll of silence
 w - a scroll of immolation {unknown}
 y - a scroll of amnesia {unknown}
 z - a scroll of acquirement {unknown}
 B - a scroll of brand weapon {unknown}
 C - a scroll of summoning {unknown}
Potions
 b - a potion of haste {unknown}
 c - 2 potions of degeneration {unknown}
 i - a potion of mutation {unknown}
 k - 2 potions of invisibility
 o - a potion of ambrosia
 r - a potion of attraction {unknown}
 u - 2 potions of lignification {unknown}
 x - 2 potions of might {unknown}
 A - a potion of resistance {unknown}


   Skills:
 - Level 3.0 Fighting
 + Level 9.9 Long Blades
 - Level 3.0 Dodging
 - Level 2.0 Stealth


You had 7 spell levels left.
You didn't know any spells.
Your spell library contained the following spells:

 Spells                   Type           Power      Damage    Failure   Level
 Beastly Appendage        Tmut           0%         N/A       63%         1
 Ensorcelled Hibernation  Hex/Ice        0%         N/A       77%         2
 Passwall                 Tmut/Erth      0%         N/A       77%         2
 Wereblood                Tmut           0%         N/A       77%         2
 Inner Flame              Hex/Fire       0%         N/A       94%         3
 Spider Form              Tmut/Pois      0%         N/A       94%         3
 Stone Arrow              Conj/Erth      0%         3d7       94%         3
 Swiftness                Air            0%         N/A       94%         3
 Animate Armour           Summ/Erth      0%         N/A       100%        4
 Flame Wave               Conj/Fire      0%         2d4       100%        4
 Sticky Flame             Conj/Fire      0%         2d3       100%        4
 Lehudib's Crystal Spear  Conj/Erth      0%         10d2      100%        8


Dungeon Overview and Level Annotations

Branches:
Dungeon (6/15)             Temple (1/1) D:5

Altars:
Ashenzari
Dithmenos
Elyvilon
Fedhas
Gozag
Hepliaklqana
Kikubaaqudgha
Makhleb
Nemelex Xobeh
Okawaru
Qazlal
Ru
Sif Muna
Trog
Uskayaw
Xom
Yredelemnul
The Shining One

Shops:
D:3 [=?   D:5 *


Message History

You hit the troll but do no damage.
The troll is almost dead.
The troll barely misses you. The troll claws you. The troll closely misses you.
The orc wizard mumbles some strange words.
The orc wizard flickers and vanishes!
Deactivating autopickup; reactivate with Ctrl-A.
You hit the troll.
The troll is almost dead.
The troll bites you!
* * * LOW HITPOINT WARNING * * *
The troll claws you but does no damage. x2
You feel better. The troll bites you but does no damage. The troll claws you.
* * * LOW HITPOINT WARNING * * *
The troll misses you.
You feel better. The troll closely misses you.
The troll claws you but does no damage. The troll claws you.
* * * LOW HITPOINT WARNING * * *
It was a potion of invisibility.
You fade into invisibility!
The troll barely misses you. The troll claws you but does no damage.
The troll claws you!
* * * LOW HITPOINT WARNING * * *
You catch the helpless troll completely off-guard!
You hit the troll.
The troll is almost dead.
The troll closely misses you.
The troll claws you but does no damage. x2
You catch the helpless troll completely off-guard!
You hit the troll. You punch the troll.
The troll is almost dead.
You hit the troll.
The troll is almost dead.
You hit the troll but do no damage.
The troll is almost dead.
The troll bites you but does no damage. The troll claws you.
* * * LOW HITPOINT WARNING * * *
The troll barely misses you.
You hit the troll.
The troll is almost dead.
The troll closely misses you. The troll claws you.
You die...

#.##.#.###
#.##.....
#.##.#(##
#.##.)).##
#.....:..#
#{o......#
#o####.#.#
#####T# .#.#
..##@# .# #
#.##.# $# ##
#.##.####.# .
#.........# #.
#.##.######
#.#####.#...###
#.............#
###.#####...#.#
#<# ##.##.#


You could see a troll (unable to see you) and 2 orcs.

Vanquished Creatures
  A water moccasin (D:5)
  A black bear (D:5)
  2 phantoms
  3 necrophages (D:5)
  A jelly (D:5)
  An orc priest (D:5)
  4 hounds
  3 orc wizards
  13 adders
  2 gnolls
  A white imp (D:5)
  An ufetubus (D:5)
  5 worms
  3 dart slugs
  14 orcs
  8 ball pythons
  2 endoplasms (D:2)
  3 giant cockroaches
  6 goblins
  6 hobgoblins
  2 jackals (D:2)
  5 quokkas
  9 bats
  4 frilled lizards
  8 kobolds
  5 rats
113 creatures vanquished.

Vanquished Creatures (others)
  51 plants (D:3)
51 creatures vanquished.

Grand Total: 164 creatures vanquished

Notes
Turn   | Place    | Note
-------+----------+-------------------------------------------
     0 | D:1      | Lavandula the Human Monk began the quest for the Orb.
     0 | D:1      | Reached XP level 1. HP: 18/18 MP: 1/1
   264 | D:1      | Reached XP level 2. HP: 24/24 MP: 2/2
   443 | D:1      | Reached skill level 4 in Long Blades
   443 | D:1      | Reached XP level 3. HP: 28/29 MP: 3/3
  1214 | D:2      | Reached XP level 4. HP: 34/35 MP: 4/4
  1547 | D:2      | Reached skill level 5 in Long Blades
  1875 | D:3      | Found Ykeocoat's Jewellery Emporium.
  1975 | D:3      | Reached XP level 5. HP: 39/41 MP: 5/5
  2229 | D:3      | Found Gurr's Antique Armour Emporium.
  2597 | D:3      | Bought a glowing ring mail for 126 gold pieces
  2709 | D:4      | Noticed a phantom
  2725 | D:4      | Killed a phantom
  2726 | D:4      | Reached skill level 6 in Long Blades
  2726 | D:4      | Reached XP level 6. HP: 44/47 MP: 6/6
  2984 | D:3      | Found Keravug's Magic Scroll Boutique.
  3135 | D:4      | Reached skill level 7 in Long Blades
  3478 | D:5      | Entered Level 5 of the Dungeon
  3549 | D:5      | Found a staircase to the Ecumenical Temple.
  3560 | D:5      | Noticed a black bear
  3574 | D:5      | Killed a black bear
  3575 | D:5      | Reached XP level 7. HP: 29/52 MP: 7/7
  3597 | Temple   | Entered the Ecumenical Temple
  3869 | Temple   | Became a worshipper of Elyvilon the Healer
  3869 | Temple   | Reached * piety under Elyvilon
  3869 | Temple   | Reached ** piety under Elyvilon
  4101 | D:5      | Reached skill level 8 in Long Blades
  4267 | D:5      | Reached XP level 8. HP: 47/58 MP: 8/8
  4713 | D:5      | Reached skill level 9 in Long Blades
  5051 | D:5      | Found Enatuuj's Elemental Accessories.
  5173 | D:6      | Reached *** piety under Elyvilon
  5197 | D:6      | Noticed a troll
  5233 | D:6      | HP: 2/58 [troll (3)]
  5234 | D:6      | Slain by a troll

Illustrated notes

Levels and vault maps discovered:
D:1:      erik_arrival_orb_chamber, layout_basic
D:2:      layout_loops_corners
D:3:      layout_loops_ring, serial_shops, shop, shop,
          nicolae_shop_behind_doors, serial_bayou, serial_bayou_ford_a,
          serial_bayou_pond_c, serial_bayou_pond_c, serial_bayou_lagoon_a,
          serial_bayou_crossing, nicolae_half_adder
D:4:      layout_rooms
D:5:      minmay_spotlight, layout_loops_corners,
          minmay_temple_entry_sparse_star, hangedman_decor_opposing,
          st_stairs_9, nicolae_elemental_shop, corexii_hall_statues_t,
          kennysheep_diamond
D:6:      layout_loops_ring, uniq_sigmund
Temple:   dpeg_five_rooms_temple

Skill      XL: |  1  2  3  4  5  6  7  8 |
---------------+-------------------------+-----
Long Blades    | 4 5 6 7 8 9 |  9.9
Fighting       | |  3.0
Dodging        | |  3.0
Stealth        | |  2.0

Action                     |  1- 3 |  4- 6 |  7- 9 || total
---------------------------+-------+-------+-------++-------
  Melee: Falchion          |    83 |   273 |   176 ||   532
         Punch             |     1 |       |     4 ||     5
  Throw: Dart              |       |     7 |     3 ||    10
         Throwing net      |       |       |     1 ||     1
    Use: Potion            |     2 |       |     5 ||     7
         Scroll            |       |     4 |     1 ||     5
   Stab: Sleeping          |     1 |     1 |     1 ||     3
         Held in net/web   |       |       |     4 ||     4
         Invisible         |       |       |     2 ||     2
         Distracted        |       |       |     1 ||     1
 Armour: Robe              |     6 |       |       ||     6
         Scale mail        |    17 |    60 |       ||    77
         Ring mail         |       |    55 |    56 ||   111
  Dodge: Dodged            |    50 |   157 |   103 ||   310

Table legend: (Time is in decaauts)
 A = Elapsed time spent in this place.
 B = Non-inter-level travel time spent in this place.
 C = Inter-level travel time spent in this place.
 D = Time resting spent in this place.
 E = Time spent auto-exploring this place.
 F = Levels seen in this place.
 G = Mean time per level.
                   A        B        C        D        E       F      G
               +--------+--------+--------+--------+--------+-----+--------+
         Total |   5261 |   5093 |    168 |     52 |   3906 |   7 |  751.6 |
       Dungeon |   4953 |   4820 |    133 |     52 |   3653 |   6 |  825.5 |
        Temple |    307 |    272 |     35 |      0 |    253 |   1 |  307.0 |
               +--------+--------+--------+--------+--------+-----+--------+

Top non-repeatable levels by time:
     D:5: 1362 daAuts
     D:3: 1102 daAuts
     D:2: 906 daAuts
     D:1: 858 daAuts
     D:4: 667 daAuts
  Temple: 307 daAuts
     D:6: 56 daAuts
